 Dungeon Crawl Stone Soup version 0.21-a0-216-g6d3fd91 (webtiles) character file.

63 Lavandula the Chiller (level 4, 0/33 HPs)
             Began as a Ghoul Ice Elementalist on Aug 23, 2017.
             Was an Initiate of Ashenzari.
             Slain by an ogre
             ... wielding a +0 giant club
              (18 damage)
             ... on level 3 of the Dungeon.
             The game lasted 00:04:50 (651 turns).

Lavandula the Chiller (Ghoul Ice Elementalist)       Turns: 651, Time: 00:04:50

Health: 0/33       AC:  2    Str: 11    XL:     4   Next: 10%
Magic:  7/7        EV: 12    Int: 11    God:    Ashenzari [......]
Gold:   81         SH:  0    Dex:  9    Spells: 7/8 levels left

rFire    . . .     SeeInvis .   j - +0 hand axe (chop)
rCold    + . .     Gourm    .   (no shield)
rNeg     + + +     Faith    .   a - +0 robe
rPois    ∞         Spirit   .   (no helmet)
rElec    .         Reflect  .   (no cloak)
rCorr    .         Harm     .   (no gloves)
MR       .....                  (no boots)
Stlth    ++........             (no amulet)
HPRegen  0.00/turn              (no ring)
MPRegen  0.10/turn              (no ring)

@: rotting
A: rotting body, claws 1, carnivore 3, cold resistance 1, negative energy
resistance 3, inhibited regeneration, torment resistance, unbreathing
a: Curse Item, Renounce Religion


You were on level 3 of the Dungeon.
You worshipped Ashenzari.
Ashenzari was noncommittal.
You were not hungry.

You visited 1 branch of the dungeon, and saw 4 of its levels.

You collected 81 gold pieces.

Inventory:

Hand Weapons
 j - a +0 hand axe of chopping (weapon)
Armour
 a - a +0 robe (worn)
Wands
 k - a wand of flame (37/48)
Scrolls
 d - a scroll of fear {unknown}
 e - 3 scrolls of remove curse
 h - 2 scrolls of identify {unknown}
Potions
 i - a potion of mutation {unknown}
Books
 b - a book of Frost

   Spells                             Type                      Level
   a - Freeze                         Ice                          1
   b - Throw Frost                    Conjuration/Ice              2
   c - Ozocubu's Armour               Charms/Ice                   3
   d - Throw Icicle                   Conjuration/Ice              4
   e - Summon Ice Beast               Ice/Summoning                4
Comestibles
 c - a meat ration
 f - 2 chunks of flesh
 g - 2 royal jellies


   Skills:
 - Level 1.7 Dodging
 - Level 2.1 Stealth
 - Level 2.8 Spellcasting
   Level 0.7 Conjurations
 + Level 4.4 Ice Magic


You had 7 spell levels left.
You knew the following spells:

 Your Spells              Type           Power        Failure   Level  Hunger
a - Freeze                Ice            ##..         4%          1    #......


Dungeon Overview and Level Annotations

Branches:
Dungeon (4/15)
 Temple: D:4-7

Altars:
Ashenzari
Gozag


Innate Abilities, Weirdness & Mutations

Your body is rotting away.
You thrive on raw meat.
You are immune to poison.
You have sharp fingernails.
You are carnivorous and can eat meat at any time.
Your flesh is cold resistant. (rC+)
You are immune to negative energy. (rN+++)
You do not regenerate when monsters are visible.
You are immune to unholy pain and torment.
You can survive without breathing.


Message History

Confirm with . or Enter, or press ? or * to list all spells.
Aiming: Freeze
Press: ? - help, Shift-Dir - straight line, f/p - worker ant
Aim: a worker ant (severely wounded)
You freeze the worker ant.
You kill the worker ant!
Your Ice Magic skill increases to level 4!
You have reached level 4!
Evoke which item? (* to show all) (? for menu, Esc to quit)
Okay, then.
The ogre barely misses you.
There is a stone staircase leading up here.
The ogre completely misses you.
You climb upwards.
There is a stone staircase leading down here.
Unknown command.
The worm closely misses you. The ogre hits you with a giant club!!
Ouch! That really hurt!
You die...

#.# #..##.####.......
##.. #..##.# #.......
#...# #.....####.......
#....##...#...##.......
##....#.................
........w.#..#.###......
#......#....#.# #......
##.....O#....#.###......
.......@#...............
#####.#.#.###+##########
#.#.#...............
#.#...##w........... #
#...##............
#####+#...##............
#........>##########...#
#......####### #...#
#............. #...#


You could see an ogre and a worm.

Vanquished Creatures
  A worker ant (D:4)
  2 adders (D:3)
  2 dart slugs (D:2)
  3 goblins
  2 quokkas (D:2)
  4 bats (D:3)
  5 rats
19 creatures vanquished.

Notes
Turn   | Place    | Note
-------+----------+-------------------------------------------
     0 | D:1      | Lavandula the Ghoul Ice Elementalist began the quest for the Orb.
     0 | D:1      | Reached XP level 1. HP: 14/14 MP: 2/2
   187 | D:2      | Reached XP level 2. HP: 3/20 MP: 0/4
   308 | D:3      | Found an opulent altar of Gozag.
   350 | D:3      | Reached XP level 3. HP: 17/26 MP: 0/6
   430 | D:3      | Found a shattered altar of Ashenzari.
   438 | D:3      | Became a worshipper of Ashenzari the Shackled
   547 | D:4      | Noticed an ogre
   565 | D:4      | Reached skill level 4 in Ice Magic
   565 | D:4      | Reached XP level 4. HP: 17/33 MP: 3/7
   651 | D:3      | Slain by an ogre

Vault maps used:
D:1:      co_arrival_random_square_maze
D:3:      overflow_temple_1_default, ashenzari_altar_1
D:4:      hangedman_decor_push

Skill      XL: |  1  2  3 |
---------------+----------+-----
Spellcasting   | 2 |  2.8
Ice Magic      | 4 |  4.4
Dodging        | |  1.7
Stealth        | |  2.1
Conjurations   | |  0.7

Action                   |  1- 3 |  4- 6 || total
-------------------------+-------+-------++-------
Melee: Unarmed           |    35 |       ||    35
       Hand axe          |     2 |       ||     2
 Cast: Freeze            |    26 |     1 ||    27
 Stab: Sleeping          |     1 |       ||     1
  Eat: Chunk             |     8 |       ||     8
Armor: Robe              |    18 |       ||    18
Dodge: Dodged            |    42 |     3 ||    45

Table legend:
 A = Spawn XP
 B = Non-spawn XP
 C = Spawn XP percentage of total XP
 D = Spawn monster count
 E = Non-spawn monster count
 F = Spawn count percentage of total count
 G = Total turns spent on level
                    A         B        C        D         E        F      G
               +---------+---------+-------+---------+---------+-------+---------
         Total |       0 |      91 |   0.0 |       0 |      19 |   0.0 |   651
               +---------+---------+-------+---------+---------+-------+---------
           D:1 |       0 |       2 |   0.0 |       0 |       2 |   0.0 |    98
           D:2 |       0 |      17 |   0.0 |       0 |       7 |   0.0 |   155
           D:3 |       0 |      38 |   0.0 |       0 |       9 |   0.0 |   319
           D:4 |       0 |      34 |   0.0 |       0 |       1 |   0.0 |    79
               +---------+---------+-------+---------+---------+-------+---------
